 Dungeon Crawl Stone Soup version 0.30-a0-1160-g6e42c06551 (webtiles) character file.

Game seed: 18356906459325169650

20601 jimonade the Brawler (level 11, -6/73 (104) HPs)
             Began as a Troll Monk on Apr 26, 2023.
             Was a High Priest of Ru.
             Mangled by an ettin
             ... wielding a +0 dire flail
              (19 damage)
             ... on level 1 of the Orcish Mines on Apr 27, 2023.
             The game lasted 00:30:52 (10520 turns).

jimonade the Brawler (Troll Monk)                  Turns: 10520, Time: 00:30:53

HP:   -6/73 (104)   AC:  9    Str: 23    XL:     11   Next: 46%
MP:   10/10         EV: 12    Int:  8    God:    Ru [*****.]
Gold: 519           SH:  0    Dex: 12    Spells: 10/10 levels left

rFire   . .          .
                       - Unarmed
rCold   . . .        (shield unavailable)
rNeg    . . .        O - +0 troll leather armour
rPois   .            (helmet restricted)
rElec   .            T - +1 cloak
rCorr   +            (gloves unavailable)
SInv    .            (boots unavailable)
Will    .....        u - amulet of regeneration Stlth
                     (ring unavailable)
HPRegen 2.72/turn    t - ring of resist corrosion
MPRegen 0.12/turn

%: no passive effects
@: very heavily drained
A: large, unfitting armour, claws 3, regeneration 1, shaggy fur 1, tough skin 1,
missing a hand, no stealth, inexperienced 1
a: Renounce Religion, Sacrifice Nimbleness, Sacrifice Essence, Sacrifice an Eye,
Reject Sacrifices, Draw Out Power, Power Leap, Apocalypse


You were on level 1 of the Orcish Mines.
You worshipped Ru.
Ru was extremely pleased with you.
You visited 3 branches of the dungeon, and saw 13 of its levels.

You collected 519 gold pieces.

Inventory:

Hand Weapons
 S - a +0 giant spiked club
Missiles
 e - 86 stones (quivered)
 w - 5 throwing nets
 V - 7 boomerangs
Armour
 D - a +1 robe of willpower
 J - +0 steam dragon scales
 O - a +0 troll leather armour (worn)
 T - a +1 cloak (worn)
 U - +0 acid dragon scales
Jewellery
 a - a ring of magical power
 k - a +6 ring of dexterity
 o - an amulet of faith
 q - a ring of ice
 t - a ring of resist corrosion (right claw)
 u - an amulet of regeneration (around neck)
 Q - a ring of ice
 R - a ring of magical power
Wands
 x - a wand of flame (19)
 E - a wand of mindburst (8)
 I - a wand of iceblast (16)
 K - a wand of polymorph (9)
 N - a wand of paralysis (1)
Scrolls
 c - a scroll of brand weapon {unknown}
 d - 2 scrolls of enchant armour
 f - 2 scrolls of fear
 g - 2 scrolls of noise
 l - a scroll of immolation
 n - a scroll of blinking
 p - 4 scrolls of teleportation
 v - 4 scrolls of amnesia
 y - 2 scrolls of magic mapping {unknown}
 z - a scroll of silence {unknown}
 A - 2 scrolls of fog {unknown}
 B - 2 scrolls of poison
 C - a scroll of enchant weapon {unknown}
 H - a scroll of vulnerability
 L - a scroll of torment {unknown}
 M - a scroll of summoning {unknown}
Potions
 b - 3 potions of ambrosia
 h - a potion of resistance {unknown}
 i - 3 potions of mutation {unknown}
 j - a potion of invisibility {unknown}
 m - 4 potions of attraction {unknown}
 r - 5 potions of curing {unknown}
 s - 4 potions of flight {unknown}
 F - a potion of brilliance {unknown}
 G - a potion of heal wounds {unknown}
 P - 8 potions of degeneration


   Skills:
 + Level 5.5 Fighting
 + Level 4.6 Armour
 + Level 7.7 Dodging
 + Level 16.7 Unarmed Combat
 * Level 0.2 Invocations
 * Level 2.8 Evocations


You had 10 spell levels left.
You didn't know any spells.
Your spell library contained the following spells:

 Spells                   Type           Power      Damage    Failure   Level
 Apportation              Tloc           0%         N/A       45%         1
 Sandblast                Erth           0%         2d4       45%         1
 Slow                     Hex            0%         N/A       45%         1
 Passwall                 Tmut/Erth      0%         N/A       58%         2
 Poisonous Vapours        Pois/Air       0%         N/A       58%         2
 Confusing Touch          Hex            0%         N/A       83%         3
 Mephitic Cloud           Conj/Pois/Air  0%         N/A       83%         3
 Stone Arrow              Conj/Erth      0%         3d7       83%         3
 Vampiric Draining        Necr           0%         2d6       83%         3
 Alistair's Intoxication  Tmut/Pois      0%         N/A       100%        5
 Freezing Cloud           Conj/Ice/Air   0%         6-21      100%        5
 Summon Forest            Summ/Tloc      0%         N/A       100%        5
 Summon Mana Viper        Hex/Summ       0%         N/A       100%        5
 Summon Cactus Giant      Summ           0%         N/A       100%        6


Dungeon Overview and Level Annotations

Branches:
Dungeon (11/15)            Temple (1/1) D:5            Lair (0/5) D:11
    Orc (1/2) D:11

Altars:
Ashenzari
Cheibriados
Dithmenos
Elyvilon
Fedhas
Gozag
Hepliaklqana
Kikubaaqudgha
Makhleb
Nemelex Xobeh
Okawaru
Qazlal
Ru
Sif Muna
Trog
Uskayaw
Vehumet
Wu Jian
Xom
Yredelemnul
Zin
The Shining One

Shops:
D:5 ?   D:11 *

Annotations:
D:10 2 transporters, PublicDefender's ghost, novice HOFi


Innate Abilities, Weirdness & Mutations

You are too large for most types of armour.
You have claws for hands.
Your natural rate of healing is unusually fast.
You are covered in fur. (AC +1)
You have tough skin. (AC +1)
You are missing a hand.
You cannot be stealthy.
You are somewhat inexperienced. (-1 XL)


Message History

The wolf bites you but does no damage. The wolf barely misses you.
An orc warrior comes into view. It is wielding a +0 halberd.
The wolf bites you. The wolf bites you but does no damage. The wolf bites you.
You focus your inner power and illuminate the wolf in retribution!
The wolf bites you but does no damage.
The orc warrior moves out of view.
There is a staircase back to the Dungeon, spattered with blood here.
Activating: Apocalypse
Press: ? - help, Dir - look around, f - activate You reveal the great annihilating truth to your foes!
You kill the wolf! x2
The two-headed ogre slows down under the weight of truth!
The orc warlord slows down under the weight of truth!
You kill the wolf!
You feel drained.
You hear a howl! x4; You hear a shout! x2
An ettin comes into view. It is wielding two +0 dire flails.
You redirect the orc warlord's attack!
You hear a howl!
A warg comes into view.
HP restored.
You climb upwards.
Welcome back to the Dungeon!
There is a staircase to the Orcish Mines, spattered with blood here.
You start resting.
You feel less exhausted.
You start resting.
Magic restored.
You start waiting.
Done waiting.
You climb downwards.
Welcome back to the Orcish Mines!
The two-headed ogre hits you with a +0 giant club. x2
The ettin hits you with a +0 dire flail!!!
Ouch! That really hurt!
The ettin hits you with a +0 dire flail!
* * * LOW HITPOINT WARNING * * *
The orc warlord roars a battlecry!
The warg closely misses you.
There is a staircase back to the Dungeon, spattered with blood here.
Okay, then.
The ettin hits you with a +0 dire flail!!
You die...

.........#
........# ...†...#
##...... #..[...
##...[[ ..##...hC#
######
.......)@####......
...##[O[[#).......
#.#...(÷....... oo
###.##....).. #.
### ..[.... #
##()... ##... .. .


You could see an orc warlord, an ettin, a two-headed ogre, a warg and an orc
warrior (strong).

Vanquished Creatures
  6 two-headed ogres
  Amaemon (D:9)
  An orc sorcerer (D:11)
  An elephant (D:11)
  Maurice (D:9)
  An orange demon (D:9)
  Psyche (D:8)
  4 trolls
  A hornet (D:9)
  A slime creature (D:11)
  35 yaks
  2 wraiths
  2 shadows
  A basilisk (D:11)
  A wyvern (D:11)
  A steam dragon (D:7)
  3 vampire mosquitoes (D:7)
  Edmund (D:5)
  3 acid dragons
  3 wargs
  3 water moccasins (D:6)
  A swamp drake (D:11)
  12 orc warriors
  3 ice beasts
  A sky beast (D:6)
  4 black bears
  3 ogres
  3 wolves (Orc:1)
  7 centaurs
  A phantom (D:6)
  7 bullfrogs
  2 gnoll sergeants
  A scorpion (D:6)
  10 wights
  13 howler monkeys
  3 jellies
  9 orc priests
  A sleepcap (D:6)
  2 gnoll boudas
  2 hounds
  7 iguanas
  Ijyb (D:4)
  21 orc wizards
  29 gnolls
  4 adders
  A shadow imp (D:6)
  2 white imps
  4 worms
  2 dart slugs
  51 orcs
  6 bats
  6 endoplasms
  A giant cockroach (D:3)
  7 hobgoblins
  A jackal (D:4)
  4 quokkas
  10 ball pythons
  4 frilled lizards
  8 goblins
  5 kobolds
  4 rats
336 creatures vanquished.

Vanquished Creatures (others)
  A shadow imp (D:8)
1 creature vanquished.

Grand Total: 337 creatures vanquished

Notes
Turn   | Place    | Note
-------+----------+-------------------------------------------
     0 | D:1      | jimonade the Troll Monk began the quest for the Orb.
     0 | D:1      | Reached XP level 1. HP: 22/22 MP: 0/0
   126 | D:1      | Reached XP level 2. HP: 28/29 MP: 1/1
   680 | D:2      | Reached XP level 3. HP: 25/36 MP: 2/2
   798 | D:2      | Found a faded altar of an unknown god.
   799 | D:2      | Noticed a floating eye
   800 | D:2      | Noticed a floating eye
   807 | D:2      | Noticed a golden eye
   819 | D:2      | Noticed a golden eye
  1350 | D:3      | Reached skill level 4 in Unarmed Combat
  1754 | D:4      | Reached XP level 4. HP: 38/44 MP: 3/3
  1783 | D:4      | Noticed a black bear
  1794 | D:4      | Killed a black bear
  1795 | D:4      | Reached skill level 5 in Unarmed Combat
  1795 | D:4      | Reached XP level 5. HP: 49/52 MP: 4/4
  1891 | D:4      | Reached XP level 6. HP: 59/59 MP: 5/5
  1912 | D:4      | Reached skill level 6 in Unarmed Combat
  2190 | D:4      | Noticed Ijyb
  2206 | D:4      | Killed Ijyb
  2356 | D:4      | Reached XP level 7. HP: 67/67 MP: 6/6
  2360 | D:4      | Reached skill level 7 in Unarmed Combat
  2428 | D:5      | Entered Level 5 of the Dungeon
  2543 | D:5      | Found Gieprats's Magic Scroll Shop.
  2828 | D:5      | Found a staircase to the Ecumenical Temple.
  2837 | Temple   | Entered the Ecumenical Temple
  2886 | Temple   | Became a worshipper of Ru the Awakened
  2913 | Temple   | Gained mutation: You are somewhat inexperienced. (-1 XL)
                  | [Ru sacrifice]
  2913 | Temple   | Reached XP level 6. HP: 61/61 MP: 5/5
  2913 | Temple   | Reached * piety under Ru
  3097 | D:5      | Found a glowing silver altar of Zin.
  3115 | D:5      | Noticed Edmund
  3132 | D:5      | Killed Edmund
  3140 | D:5      | HP: 3/61 [orc priest/divine providence (10)]
  3196 | D:5      | Reached skill level 8 in Unarmed Combat
  3689 | D:6      | Reached XP level 7. HP: 67/67 MP: 6/6
  3841 | D:6      | Reached skill level 9 in Unarmed Combat
  4108 | D:6      | Reached skill level 10 in Unarmed Combat
  4507 | D:6      | Reached XP level 8. HP: 73/78 MP: 7/7
  4593 | D:6      | Reached skill level 5 in Dodging
  4641 | D:6      | Reached skill level 11 in Unarmed Combat
  5095 | D:8      | Reached skill level 12 in Unarmed Combat
  5224 | D:8      | Noticed Psyche
  5241 | D:8      | Killed Psyche
  5277 | D:8      | Gained mutation: You cannot be stealthy. [Ru sacrifice]
  5277 | D:8      | Reached ** piety under Ru
  5286 | D:8      | Reached XP level 9. HP: 83/85 MP: 8/8
  5788 | D:9      | Reached skill level 1 in Armour
  5830 | D:9      | Reached skill level 13 in Unarmed Combat
  6457 | D:9      | Noticed an orange demon
  6495 | D:9      | Killed an orange demon
  6643 | D:9      | Reached skill level 14 in Unarmed Combat
  6689 | D:9      | Noticed Amaemon
  6701 | D:9      | Killed Amaemon
  6702 | D:9      | Reached XP level 10. HP: 69/94 MP: 9/9
  6955 | D:9      | Noticed a two-headed ogre
  6960 | D:9      | Killed a two-headed ogre
  6961 | D:9      | Reached skill level 5 in Fighting
  7249 | D:9      | Noticed Maurice
  7262 | D:9      | Killed Maurice
  7436 | D:10     | Entered Level 10 of the Dungeon
  7531 | D:10     | Gained mutation: You are missing a hand. [Ru sacrifice]
  7531 | D:10     | Reached *** piety under Ru
  7531 | D:10     | Reached **** piety under Ru
  7531 | D:10     | Reached ***** piety under Ru
  7578 | D:10     | Noticed a two-headed ogre
  7585 | D:10     | Killed a two-headed ogre
  7649 | D:10     | Noticed a two-headed ogre
  7664 | D:10     | Killed a two-headed ogre
  7665 | D:10     | Reached skill level 15 in Unarmed Combat
  7862 | D:10     | Noticed a two-headed ogre
  7876 | D:10     | Killed a two-headed ogre
  7947 | D:10     | Noticed a two-headed ogre
  7977 | D:10     | Killed a two-headed ogre
  8180 | D:10     | Found a transporter.
  8188 | D:10     | Noticed a tengu warrior
  8189 | D:10     | Noticed PublicDefender's ghost (novice HOFi)
  8190 | D:10     | Found a bloodstained altar of Trog.
  8227 | D:10     | Noticed a two-headed ogre
  8232 | D:10     | Found a transporter.
  8781 | D:11     | Found a staircase to the Lair.
  8820 | D:11     | Reached skill level 1 in Evocations
  8890 | D:11     | Noticed a two-headed ogre
  8916 | D:11     | Killed a two-headed ogre
  8964 | D:11     | Found Natae's Assorted Antiques.
  9020 | D:11     | Reached XP level 11. HP: 103/104 MP: 10/10
  9129 | D:11     | Reached skill level 16 in Unarmed Combat
  9364 | D:11     | Found a staircase to the Orcish Mines.
  9978 | Orc:1    | Entered Level 1 of the Orcish Mines
 10168 | Orc:1    | Noticed an orc warlord
 10351 | Orc:1    | Noticed a two-headed ogre
 10352 | Orc:1    | Noticed an ettin
 10520 | Orc:1    | Mangled by an ettin

Illustrated notes

Levels and vault maps discovered:
D:1:      scummos_arrival_hexagon, layout_rooms, minmay_misc_feat_secret_circle,
          minmay_misc_feat_encased
D:2:      wad_lake_hut, layout_loops_ring,
          hellmonk_ecumenical_altar_watching_god
D:3:      layout_rooms
D:4:      layout_loops_cross, st_stairs_3, minmay_fractal_squares_5, uniq_ijyb
D:5:      layout_basic, mainiacjoe_overflow_surrounded_room,
          minmay_temple_entry_junction, serial_shops, nicolae_lakefront_shop,
          uniq_edmund
D:6:      layout_cave_pools, hangedman_decor_push, dreamdust_princess_bridge,
          minivault_4, kennysheep_generic_room_16
D:7:      layout_cave_pools
D:8:      layout_loops_cross, uniq_psyche
D:9:      layout_grid_maze, chequers_mini_garden, uniq_maurice, uniq_amaemon
D:10:     kennysheep_six_static_rooms, layout_basic,
          gammafunk_ghost_wrathful_warriors, kennysheep_generic_room_13
D:11:     layout_stronghold, david_lair_generic, erik_orc_1,
          kennysheep_windowed_goal
Temple:   mainiacjoe_temple_archimedes_tessellation
Orc:1:    layout_diamond_mine, mines5_lemuel

Skill      XL: |  1  2  3  4  5  6  7  8  9 10 11 |
---------------+----------------------------------+-----
Unarmed Combat | 4 5 8 10 12 14 15 16 | 16.7
Dodging        | 3 4 5 6 7 |  7.7
Fighting       | 3 4 5 |  5.5
Armour         | 3 4 |  4.6
Evocations     | 1 2 |  2.8
Invocations    | |  0.2

Action                     |  1- 3 |  4- 6 |  7- 9 | 10-12 || total
---------------------------+-------+-------+-------+-------++-------
  Melee: Unarmed           |   101 |   145 |   328 |   337 ||   911
 Invoke: Sacrifice Experie |       |     1 |       |       ||     1
         Sacrifice Stealth |       |       |     1 |       ||     1
         Apocalypse        |       |       |       |     5 ||     5
         Sacrifice a Hand  |       |       |       |     1 ||     1
  Evoke: Wand              |       |       |       |     1 ||     1
    Use: Scroll            |       |     7 |     2 |       ||     9
   Stab: Sleeping          |     1 |       |       |       ||     1
         Distracted        |       |       |     1 |       ||     1
         Invisible         |       |       |       |     3 ||     3
 Armour: Robe              |    28 |    38 |    13 |       ||    79
         Steam dragon scal |       |       |    50 |       ||    50
         Troll leather arm |       |       |     9 |    81 ||    90
         Acid dragon scale |       |       |       |     3 ||     3
  Dodge: Dodged            |    37 |    62 |   167 |   152 ||   418

Table legend: (Time is in decaauts)
 A = Elapsed time spent in this place.
 B = Non-inter-level travel time spent in this place.
 C = Inter-level travel time spent in this place.
 D = Time resting spent in this place.
 E = Time spent auto-exploring this place.
 F = Levels seen in this place.
 G = Mean time per level.
                   A        B        C        D        E       F      G
               +--------+--------+--------+--------+--------+-----+--------+
         Total |  10349 |   9879 |    470 |    674 |   6381 |  13 |  796.1 |
       Dungeon |  10052 |   9604 |    448 |    666 |   6199 |  11 |  913.8 |
        Temple |    248 |    226 |     22 |      8 |    182 |   1 |  248.0 |
  Orcish Mines |     47 |     47 |      0 |      0 |      0 |   1 |   47.0 |
               +--------+--------+--------+--------+--------+-----+--------+

Top non-repeatable levels by time:
    D:11: 1794 daAuts
     D:9: 1510 daAuts
    D:10: 1168 daAuts
     D:5: 967 daAuts
     D:6: 823 daAuts
     D:2: 806 daAuts
     D:8: 806 daAuts
     D:4: 713 daAuts
     D:7: 572 daAuts
     D:1: 502 daAuts
     D:3: 387 daAuts
  Temple: 248 daAuts
   Orc:1: 47 daAuts
